Map: [ESL] Site Delta

Players

herO

  • Race: Protoss Protoss
  • Spawn Location: 11:00

Maru - Winner!

  • Race: Terran Terran
  • Spawn Location: 5:00

Event: IEM Katowice 2024

VOD

Have the link to the VOD?

Description

Time

  • Played on: Feb. 9, 2024, 11 a.m.
  • Length: 10:22

All games in this series

Show
View Real Time Build Order
Export as new Build Order

herO Protoss 

Build Orders: 1 Gate Expand, Blink Stalkers, Colossus Rush 

Get SALT Encoding   

  12  0:00  Probe  
  13  0:12  Probe  
  14  0:17  Pylon  
  14  0:24  Probe (Chrono Boost)  
  16  0:36  Probe (Chrono Boost)  
  16  0:37  Gateway  
  16  0:43  Probe (Chrono Boost)  
  16  0:45  Assimilator  
  17  0:50  Probe  
  18  1:03  Probe  
  19  1:15  Probe  
  20  1:24  Cybernetics Core  
  22  1:31  Nexus  
  20  1:38  Pylon  
  20  1:41  Probe  
  20  1:46  Assimilator  
  21  1:56  Probe  
  21  1:58  Adept (Chrono Boost)  
  21  2:01  Warp Gate  
  24  2:08  Probe  
  25  2:16  Twilight Council  
  25  2:20  Probe  
  25  2:22  Adept  
  28  2:32  Probe  
  29  2:41  Gateway  
  29  2:43  Blink (Chrono Boost)  
  29  2:44  Probe x2  
  31  2:56  Probe x2  
  33  3:04  Shield Battery  
  33  3:08  Probe x2  
  35  3:14  Robotics Facility  
  35  3:20  Probe  
  35  3:21  Probe  
  35  3:26  Pylon  
  37  3:32  Probe  
  37  3:33  Probe  
  39  3:44  Probe  
  39  3:45  Gateway, Probe  
  39  3:48  Stalker x2  
  43  3:54  Pylon  
  45  3:56  Probe  
  45  3:57  Probe  
  45  4:01  Observer  
  48  4:03  Assimilator  
  48  4:06  Assimilator  
  48  4:11  Stalker x2  
  48  4:13  Probe  
  48  4:15  Probe  
  54  4:18  Pylon  
  54  4:22  Observer  
  55  4:26  Probe  
  55  4:27  Probe  
  55  4:28  Pylon  
  57  4:38  Robotics Bay, Probe  
  58  4:39  Probe  
  59  4:56  Nexus  
  59  5:03  Pylon  
  58  5:08  Probe x2  
  58  5:09  Charge  
  60  5:15  Stalker x2  
  60  5:20  Probe x2  
  66  5:21  Colossus (Chrono Boost)  
  66  5:27  Extended Thermal Lance  
  72  5:30  Forge  
  72  5:32  Pylon  
  72  5:33  Probe x2  
  74  5:45  Probe x2  
  74  5:49  Gateway  
  76  5:50  Gateway  
  76  5:59  Protoss Ground Weapons Level 1 (Chrono Boost), Probe  
  76  6:00  Colossus (Chrono Boost), Probe  
  76  6:01  Observer  
  76  6:03  Sentry x2  
  88  6:07  Shield Battery  
  86  6:11  Probe x2  
  86  6:12  Probe  
  89  6:19  Gateway  
  89  6:20  Gateway  
  89  6:23  Observer, Probe  
  89  6:24  Probe x2  
  92  6:29  Sentry, Zealot  
  96  6:39  Colossus (Chrono Boost)  
  95  6:41  Pylon, Probe x2  
  95  6:45  Gateway  
  103  6:56  Zealot x3  
  103  7:00  Gateway  
  105  7:03  Gateway  
  102  7:19  Disruptor (Chrono Boost)  
  106  7:24  Stalker  
  106  7:28  Pylon  
  106  7:29  Pylon  
  106  7:31  Shield Battery, Pylon  
  106  7:33  Zealot x2  
  108  7:41  Stalker x3  
  105  7:45  Zealot  
  105  7:51  Disruptor (Chrono Boost)  
  97  7:54  Stalker x3  
  97  7:55  Probe x2  
  97  7:56  Probe  
  97  8:00  Pylon  
  97  8:05  Zealot x6  
  91  8:07  Probe  
  91  8:08  Probe x2  
  91  8:11  Shield Battery  
  101  8:20  Zealot x2, Probe  
  101  8:22  Colossus (Chrono Boost)  
  111  8:30  Zealot x4  
  119  8:35  Sentry x2  
  113  8:51  Zealot x3  
  115  9:01  Nexus  
  101  9:02  Disruptor (Chrono Boost)  
  101  9:06  Observer  
  101  9:17  Stalker x4  
  107  9:27  Pylon  
  107  9:31  Disruptor (Chrono Boost)  
  105  9:35  Zealot x4  
  117  9:44  Zealot  
  117  9:45  Zealot  
  112  9:56  Observer (Chrono Boost)  
Show
View Real Time Build Order
Export as new Build Order

Maru Terran - Winner!

Build Orders:  

Get SALT Encoding   

  12  0:00  SCV  
  13  0:12  SCV  
  14  0:17  Supply Depot  
  14  0:24  SCV  
  15  0:38  SCV  
  15  0:40  Barracks  
  16  0:42  Refinery  
  16  0:50  SCV  
  17  1:03  SCV  
  18  1:15  SCV  
  19  1:27  Orbital Command  
  20  1:36  Command Center  
  20  1:37  Marine  
  20  1:51  Factory  
  20  1:54  SCV  
  21  2:00  Supply Depot  
  21  2:03  Barracks Reactor  
  21  2:06  SCV  
  22  2:18  SCV  
  23  2:30  SCV  
  24  2:42  Hellion x2, SCV  
  29  2:50  Orbital Command  
  29  2:54  SCV  
  29  2:56  Command Center  
  30  3:06  Cyclone  
  30  3:07  SCV  
  30  3:12  Cyclone  
  35  3:16  SCV  
  35  3:19  Barracks Tech Lab  
  36  3:21  SCV  
  37  3:28  SCV  
  37  3:33  SCV  
  39  3:39  Refinery  
  39  3:40  SCV  
  41  3:45  Barracks  
  41  3:46  Barracks  
  40  3:49  SCV  
  40  3:52  SCV  
  40  3:53  Supply Depot  
  42  3:56  Siege Tank, Marine  
  46  4:07  Marine  
  46  4:08  SCV x2  
  46  4:09  Orbital Command  
  49  4:14  Marine  
  49  4:15  Bunker  
  50  4:20  SCV x2  
  52  4:24  Engineering Bay x2  
  52  4:25  Marine, Refinery  
  53  4:32  SCV x2  
  53  4:36  Barracks Tech Lab  
  55  4:39  SCV  
  55  4:43  Stimpack  
  55  4:44  SCV, Marine  
  58  4:46  Supply Depot  
  58  4:47  SCV  
  58  4:51  Terran Infantry Weapons Level 1, Terran Infantry Armor Level 1  
  59  4:57  Refinery  
  59  4:58  SCV x2  
  61  5:00  Marine  
  61  5:01  Marauder  
  61  5:04  SCV  
  63  5:09  Starport  
  63  5:11  SCV, Supply Depot  
  63  5:12  Factory Reactor  
  62  5:14  Marine x2  
  62  5:18  Marine  
  65  5:24  Barracks  
  65  5:27  Barracks, Marauder  
  67  5:30  Combat Shield, SCV  
  67  5:32  Marine  
  67  5:33  SCV x2  
  71  5:38  Marauder  
  71  5:41  Supply Depot  
  71  5:42  SCV  
  74  5:45  SCV  
  75  5:52  Marine x2  
  75  5:54  Factory Reactor, Medivac x2  
  81  5:59  Supply Depot  
  81  6:00  Supply Depot  
  81  6:01  Marine, Supply Depot  
  81  6:02  Marauder  
  84  6:09  Marine  
  83  6:12  SCV x2  
  83  6:13  Barracks Reactor, Barracks Tech Lab  
  85  6:20  Orbital Command  
  85  6:22  Supply Depot  
  85  6:24  Missile Turret, SCV x2  
  85  6:25  Marauder x2, Marine  
  92  6:27  Medivac x2, Marine  
  97  6:36  SCV x2  
  97  6:38  Concussive Shells, Marauder  
  103  6:40  Widow Mine  
  103  6:46  SCV  
  104  6:48  SCV x2  
  104  6:50  Marauder  
  104  6:52  Marine  
  104  6:53  Marine  
  110  6:55  Widow Mine  
  110  6:58  SCV  
  110  7:00  Marauder x2, Marine, SCV  
  119  7:09  Supply Depot  
  119  7:10  Marine, Armory, Supply Depot  
  119  7:14  Medivac  
  119  7:15  Medivac  
  124  7:20  Marauder  
  125  7:28  Marine  
  125  7:29  SCV  
  125  7:30  SCV  
  125  7:31  Marauder x2  
  125  7:33  Marine x3, SCV  
  131  7:39  Widow Mine x2  
  131  7:41  Marauder, SCV  
  131  7:43  SCV  
  136  7:48  Marine  
  136  7:50  Medivac  
  127  7:52  Marauder x2  
  127  7:55  Marine  
  127  7:59  SCV x3  
  127  8:03  Marauder  
  127  8:04  Marine  
  127  8:08  Marine  
  128  8:14  Marauder x2  
  128  8:17  SCV  
  128  8:19  Supply Depot, Marine x2  
  135  8:26  Marauder, Marine  
  138  8:31  Marine  
  137  8:35  Marauder, Marine  
  137  8:37  Marine x2  
  141  8:44  Marine  
  141  8:47  Widow Mine x2  
  141  8:48  Marauder  
  140  8:53  Marauder, Marine  
  140  8:54  Marine  
  140  8:55  Marine  
  138  8:57  Marauder  
  138  9:02  Viking, Marine  
  128  9:06  Viking  
  128  9:09  Marauder  
  134  9:10  Marine  
  134  9:12  Marine  
  134  9:13  Marine  
  134  9:14  Marauder  
  137  9:17  Supply Depot  
  137  9:18  Marauder, Supply Depot  
  137  9:20  Marine  
  137  9:23  Widow Mine  
  140  9:24  Widow Mine  
  140  9:28  Marine  
  140  9:30  Marauder  
  145  9:32  Viking  
  145  9:35  Supply Depot  
  145  9:36  Viking, Marauder  
  145  9:38  Marine  
  149  9:39  Marauder  
  149  9:44  Widow Mine  
  152  9:46  Widow Mine  
  152  9:50  Marine x2  
  152  9:52  Marauder  
  158  9:53  Marine  
  158  9:56  Marine  
  158  9:57  Marauder  
  158  10:01  Marauder  

Tags
 
Add a new tag
Caveats
  • Supply blocks, unpowered buildings, or Contaminate may cause inaccurate times.
  • Supply counts are checked every 10 seconds.